 Dungeon Crawl Stone Soup version 0.31-a0-200-gbc41564c69 (webtiles) character file.

Game seed: 14258106798145965429

498 qw the Skirmisher (level 6, -1/37 HPs)
             Began as a Deep Elf Hunter on June 25, 2023.
             Slain by an orc
             ... wielding a +0 trident of protection
              (5 damage)
             ... on level 5 of the Dungeon.
             The game lasted 00:01:10 (2766 turns).

qw the Skirmisher (Deep Elf Hunter)                 Turns: 2766, Time: 00:01:10

Health: -1/37      AC: 12    Str: 10    XL:     6   Next: 94%
Magic:  8/8        EV: 11    Int: 14    God:
Gold:   261        SH:  5    Dex: 18    Spells: 5/5 levels left

rFire   + . .        Y - +1 shortbow
rCold   + . .        (shield currently unavailable)
rNeg    . . .        i - +0 ring mail
rPois   .            j - +2 helmet
rElec   .            d - scarf {rC+ rF+}
rCorr   .            (no gloves)
SInv    .            (no boots)
Will    .....        a - amulet of reflection
Stlth   +            n - +4 ring of protection
HPRegen 0.26/turn    (no ring)
MPRegen 0.11/turn

%: reflection
@: no status effects
A: no striking features
a: no special abilities


You were on level 5 of the Dungeon.
You visited 1 branch of the dungeon, and saw 5 of its levels.

You collected 261 gold pieces.


   Skills:
 - Level 3.0 Fighting
 - Level 10.1 Ranged Weapons
 + Level 2.6 Dodging
 - Level 1.2 Stealth


You had 5 spell levels left.
You didn't know any spells.
Your spell library was empty.

Inventory:

Hand Weapons
 Y - a +1 shortbow (weapon)
Armour
 c - a scarf of repulsion
 d - a scarf of resistance (worn)
 i - a +0 ring mail (worn)
 j - a +2 helmet (worn)
Jewellery
 a - an amulet of reflection (around neck)
 l - a ring of willpower
 n - a +4 ring of protection (left hand)
Scrolls
 g - 3 scrolls of teleportation
 h - 2 scrolls of identify
Potions
 b - a potion of mutation {unknown}
 e - 2 potions of heal wounds
 f - a potion of resistance {unknown}
 k - 2 potions of curing {unknown}
 m - a potion of haste {unknown}
 o - a potion of might {unknown}

Dungeon Overview and Level Annotations

Branches:
Dungeon (5/15)
 Temple: D:4-7

Altars:

Shops:
D:4 (


Message History

A gnoll comes into view. It is wielding a +0 flail. x2
You shoot an arrow. The gnoll shouts! x2
The arrow hits the gnoll!
The gnoll is severely wounded.
A gnoll sergeant comes into view. It is wielding a +0 spear.
You shoot an arrow. The arrow hits the gnoll!
You kill the gnoll!
An iguana comes into view.
A gnoll comes into view. It is wielding a +0 whip.
You shoot an arrow. The gnoll shouts!
The arrow hits the orc warrior.
The orc warrior is moderately wounded.
An orc comes into view. It is wielding a +0 short sword.
You shoot an arrow.
The arrow closely misses the orc warrior.
The orc shouts!
The orc warrior closely misses you.
An orc comes into view. It is wielding a +0 whip.
You shoot an arrow. The arrow hits the orc warrior.
The orc warrior is moderately wounded.
The ogre closely misses you. You block the orc warrior's attack.
You shoot an arrow. The arrow hits the orc warrior.
The orc warrior is heavily wounded.
You block the orc warrior's attack.
The orc hits you from afar with a +0 trident of protection.
The ogre misses you.
You shoot an arrow.
The arrow barely misses the orc warrior.
The orc warrior hits you but does no damage.
The orc hits you but does no damage. The ogre hits you with a +0 giant club!
The orc hits you but does no damage.
The orc warrior hits you with a +0 short sword!
You shoot an arrow. The arrow hits the orc warrior.
The orc warrior is heavily wounded.
You block the gnoll sergeant's attack.
The orc warrior hits you with a +0 short sword!
The orc hits you from afar with a +0 trident of protection.
You die... #.. .. ##. ... #. ..go #. lgo#

##. #og# ##..
#go# ##... #gO##
##.... #o@###
##..... ##.%.##
###....##
##...#####.....##
#............##
#............##
#...#####......#
...## ##.....#
...# ##....# ..#
#....#


You could see an orc warrior, an ogre, a gnoll sergeant, an iguana, 4 gnolls and
4 orcs.

Vanquished Creatures
  Menkaure (D:4)
  A kobold brigand (D:3)
  A scorpion (D:4)
  2 hounds
  A jelly (D:5)
  An iguana (D:5)
  A gnoll (D:5)
  4 adders
  2 dart slugs
  3 worms
  4 orcs
  3 endoplasms
  A giant cockroach (D:1)
  10 goblins
  7 hobgoblins
  2 quokkas
  5 ball pythons
  5 bats
  5 frilled lizards
  13 kobolds
  6 rats
78 creatures vanquished.

Notes
Turn   | Place    | Note
-------+----------+-------------------------------------------
     0 | D:1      | qw the Deep Elf Hunter began the quest for the Orb.
     0 | D:1      | Reached XP level 1. HP: 12/12 MP: 3/3
     0 | D:1      | 0 ||| qw: Version: 0.3-a-22-g0ed2b0b
     0 | D:1      | 0 ||| qw: Game counter: 5655
     0 | D:1      | 0 ||| qw: Melee chars always use a shield: true
     0 | D:1      | 0 ||| qw: God list: Okawaru
     0 | D:1      | 0 ||| qw: Allow faded altars: false
     0 | D:1      | 0 ||| qw: Do Orc after clearing Dungeon:15 true
     0 | D:1      | 0 ||| qw: Do second Lair branch before Depths: true
     0 | D:1      | 0 ||| qw: Lair rune preference: random
     0 | D:1      | 0 ||| qw: Goals: Normal
     0 | D:1      | 0 ||| PLANNING D:1-11
    10 | D:1      | Noticed a wyvern
    10 | D:1      | Noticed a black bear
    10 | D:1      | Noticed a salamander
    11 | D:1      | Noticed a hog
   111 | D:1      | Reached XP level 2. HP: 16/16 MP: 4/4
   149 | D:1      | Reached skill level 6 in Ranged Weapons
   591 | D:1      | 591 ||| FLEEEEING.
   592 | D:1      | 592 ||| FLEEEEING.
   848 | D:1      | Reached XP level 3. HP: 20/20 MP: 5/5
   936 | D:1      | 936 ||| UPGRADING to scarf of resistance.
   941 | D:1      | 941 ||| UPGRADING to +0 ring mail.
   951 | D:1      | 951 ||| DROPPING +0 leather armour.
   952 | D:1      | 952 ||| READING scroll labelled ZOWOIM DILIOPP.
   953 | D:1      | 953 ||| READING scroll labelled LOPSODWYPT.
   954 | D:1      | 954 ||| READING 2 scrolls labelled DIG KASUAGU.
   955 | D:1      | 955 ||| READING 3 scrolls labelled FYMPIE IKUNE.
   956 | D:1      | 956 ||| READING scroll labelled MALLA JIEM.
   957 | D:1      | 957 ||| READING scroll labelled COEQIU GOBREL.
   961 | D:1      | 961 ||| DRINKING 2 clear potions.
   962 | D:1      | 962 ||| DROPPING scroll of butterflies.
   963 | D:1      | 963 ||| DROPPING scroll of amnesia.
   964 | D:1      | 964 ||| DROPPING 2 scrolls of fear.
   965 | D:1      | 965 ||| DROPPING potion of attraction.
  1123 | D:2      | Reached skill level 7 in Ranged Weapons
  1384 | D:2      | 1384 ||| UPGRADING to +2 helmet.
  1389 | D:2      | 1389 ||| UPGRADING to amulet of reflection.
  1394 | D:2      | 1394 ||| DRINKING 2 purple potions.
  1395 | D:2      | 1395 ||| DROPPING potion of degeneration.
  1468 | D:3      | Found a faded altar of an unknown god.
  1556 | D:3      | Noticed a kobold brigand
  1637 | D:3      | Reached XP level 4. HP: 25/25 MP: 6/6
  1790 | D:3      | Killed a kobold brigand
  1791 | D:3      | Reached skill level 8 in Ranged Weapons
  1791 | D:3      | Reached XP level 5. HP: 29/29 MP: 7/7
  1826 | D:3      | 1826 ||| UPGRADING to +4 ring of protection.
  1827 | D:3      | 1827 ||| READING scroll labelled UNLEPHIFEWN.
  2003 | D:4      | Reached skill level 9 in Ranged Weapons
  2036 | D:4      | Found Daschal's Weapon Shop.
  2048 | D:4      | Noticed Menkaure
  2053 | D:4      | Killed Menkaure
  2054 | D:4      | Reached skill level 3 in Fighting
  2054 | D:4      | Reached XP level 6. HP: 32/37 MP: 8/8
  2602 | D:4      | 2602 ||| DRINKING 2 fuming sapphire potions.
  2619 | D:5      | Entered Level 5 of the Dungeon
  2749 | D:5      | Reached skill level 10 in Ranged Weapons
  2754 | D:5      | Noticed an orc warrior
  2766 | D:5      | HP: 4/37 [orc warrior/+0 short sword (9)]
  2766 | D:5      | Slain by an orc

Levels and vault maps discovered:
D:1:      onia_arrival_zoo_common, layout_loops_ring, serial_forest,
          infiniplex_forest_clump_tiny, infiniplex_forest_clump_double,
          infiniplex_forest_lined_4_way, infiniplex_forest_lined_corner,
          infiniplex_forest_straight_5, infiniplex_forest_straight_2,
          infiniplex_forest_split, st_stairs_12
D:2:      layout_rooms, minmay_misc_feat_pillars
D:3:      cheibrodos_thug_alley, layout_rooms, shapermc_ecumenical_altar_gd
D:4:      layout_cave_pods, serial_shops, shop, uniq_menkaure
D:5:      layout_layer_cave, mainiacjoe_overflow_tiny_flanked,
          guppyfry_shop_venom

Skill      XL: |  1  2  3  4  5  6 |
---------------+-------------------+-----
Ranged Weapons | 6 7 8 9 10 | 10.1
Fighting       | 3 |  3.0
Dodging        | |  2.6
Stealth        | |  1.2

Action                     |  1- 3 |  4- 6 || total
---------------------------+-------+-------++-------
   Fire: Shortbow          |   136 |   113 ||   249
    Use: Scroll            |     6 |     1 ||     7
         Potion            |     2 |     1 ||     3
 Armour: Leather armour    |     7 |       ||     7
         Ring mail         |     4 |    14 ||    18
  Dodge: Dodged            |    22 |    21 ||    43
  Block: Other             |       |    10 ||    10
         Reflection        |       |     2 ||     2

Table legend:
 A = Non-vault XP
 B = Vault XP
 C = Vault XP percentage of total XP
 D = Non-vault monster count
 E = Vault monster count
 F = Vault count percentage of total count
                 A         B        C        D         E       F
            +---------+---------+-------+---------+---------+-------
      Total |     434 |     278 |  39.0 |      69 |       9 |  11.5
            +---------+---------+-------+---------+---------+-------
        D:1 |      40 |       2 |   4.8 |      25 |       2 |   7.4
        D:2 |      40 |       0 |   0.0 |      15 |       0 |   0.0
        D:3 |      26 |     104 |  80.0 |       6 |       6 |  50.0
        D:4 |     184 |     172 |  48.3 |      16 |       1 |   5.9
        D:5 |     144 |       0 |   0.0 |       7 |       0 |   0.0
            +---------+---------+-------+---------+---------+-------
